 Dungeon Crawl Stone Soup version 0.21.1-1-g345015f (webtiles) character file.

63 tidbits the Grave Robber (level 4, -11/32 HPs)
             Began as a Gnoll Necromancer on June 20, 2018.
             Mangled by an ogre
             ... wielding a +0 giant spiked club
              (12 damage)
             ... on level 4 of the Dungeon.
             The game lasted 00:04:27 (500 turns).

tidbits the Grave Robber (Gnoll Necromancer)         Turns: 500, Time: 00:04:28

Health: -11/32     AC:  3    Str: 11    XL:     4   Next: 9%
Magic:  4/11       EV: 15    Int: 18    God:
Gold:   95         SH:  0    Dex: 15    Spells: 7/13 levels left

rFire    . . .     SeeInvis .   a - +0 dagger
rCold    . . .     Gourm    .   (no shield)
rNeg     . . .     Faith    .   e - +0 robe
rPois    .         Spirit   .   (no helmet)
rElec    .         Reflect  .   (no cloak)
rCorr    .         Harm     .   G - +0 pair of gloves
MR       .....                  (no boots)
Stlth    +++.......             (no amulet)
HPRegen  0.10/turn              (no ring)
MPRegen  0.12/turn              (no ring)

@: no status effects
A: distributed training, fangs 1, strong nose
a: no special abilities


You were on level 4 of the Dungeon.
You were not hungry.

You visited 1 branch of the dungeon, and saw 4 of its levels.

You collected 95 gold pieces.

Inventory:

Hand Weapons
 a - a +0 dagger (weapon)
 o - a +0 war axe
 q - a +0 war axe
 s - a +1 vampiric dagger
   (You took it off a goblin on level 2 of the Dungeon)
 t - a +0 hunting sling
 v - a +0 hunting sling
Missiles
 k - 17 bolts
 u - 25 stones (quivered)
Armour
 e - a +0 robe (worn)
 G - a +0 pair of gloves (worn)
Scrolls
 l - a scroll of fear {unknown}
 m - a scroll of teleportation {unknown}
 n - a scroll of enchant weapon {unknown}
 p - 5 scrolls of identify {unknown}
Potions
 d - a potion of haste {unknown}
 f - 2 potions of mutation {unknown}
 g - 2 potions of lignification {unknown}
 h - a potion of magic {unknown}
 i - 2 potions of brilliance {unknown}
 w - a potion of curing {unknown}
 x - a potion of might {unknown}
Books
 b - a book of Necromancy

   Spells                             Type                      Level
   a - Pain                           Necromancy                   1
   b - Animate Skeleton               Necromancy                   1
   c - Vampiric Draining              Necromancy                   3
   d - Regeneration                   Charms/Necromancy            3
   e - Animate Dead                   Necromancy                   4
   f - Borgnjor's Vile Clutch         Necromancy/Earth             5
 r - a book of Cantrips
   (You found it on level 2 of the Dungeon)

   Spells                             Type                      Level
   a - Confusing Touch                Hexes                        1
   b - Animate Skeleton               Necromancy                   1
   c - Summon Small Mammal            Summoning                    1
   d - Apportation                    Translocation                1
Comestibles
 c - 5 rations


   Skills:
 + Level 1.0 Fighting
 + Level 1.0 Short Blades
 + Level 1.0 Long Blades
 + Level 1.0 Axes
 + Level 1.0 Maces & Flails
 + Level 1.0 Polearms
 + Level 1.0 Staves
 + Level 1.0 Slings
 + Level 1.0 Bows
 + Level 1.0 Crossbows
 + Level 1.0 Throwing
 + Level 1.0 Armour
 + Level 4.6 Dodging
 + Level 4.2 Stealth
 + Level 1.0 Shields
 + Level 1.0 Unarmed Combat
 + Level 5.0 Spellcasting
 + Level 0.7 Conjurations
 + Level 0.7 Hexes
 + Level 0.7 Charms
 + Level 0.7 Summonings
 + Level 7.1 Necromancy
 + Level 0.7 Translocations
 + Level 0.7 Transmutations
 + Level 0.7 Fire Magic
 + Level 0.7 Ice Magic
 + Level 0.7 Air Magic
 + Level 0.7 Earth Magic
 + Level 0.7 Poison Magic
 + Level 1.1 Invocations
 + Level 1.0 Evocations


You had 7 spell levels left.
You knew the following spells:

 Your Spells              Type           Power        Failure   Level  Hunger
a - Pain                  Necr           ####         1%          1    None
n - Animate Skeleton      Necr           N/A          1%          1    None
r - Regeneration          Chrm/Necr      ###.......   8%          3    ##.....
A - Apportation           Tloc           #.....       10%         1    None


Dungeon Overview and Level Annotations

Branches:
Dungeon (4/15)
 Temple: D:4-7

Altars:


Innate Abilities, Weirdness & Mutations

Your experience applies equally to all skills.
You have very sharp teeth.
Your uncanny sense of smell can sniff out nearby items.


Message History

Press: ? - help, Shift-Dir - straight line, f/p - hobgoblin
Aim: a hobgoblin (moderately wounded, chance to defeat MR: 93%)
The hobgoblin writhes in agony!
Casting: Pain
Confirm with . or Enter, or press ? or * to list all spells.
Aiming: Pain
Press: ? - help, Shift-Dir - straight line, f/p - hobgoblin
Aim: a hobgoblin (severely wounded, chance to defeat MR: 93%)
The hobgoblin writhes in agony!
You kill the hobgoblin!
Found 9 gold pieces and a scroll labeled HYUSIGUBRI.
You see here 9 gold pieces.
You now have 82 gold pieces (gained 9).
You see here 13 gold pieces.
You now have 95 gold pieces (gained 13).
You see here a scroll labeled HYUSIGUBRI.
p - 2 scrolls labeled HYUSIGUBRI (gained 1)
There is a stone staircase leading down here.
You see here a short sword.
You climb downwards.
There is a stone staircase leading up here.
Unknown command.
There is a stone staircase leading down here.
You climb downwards.
There is a stone staircase leading up here.
Unknown command.
Found a war axe.
Found 3 scrolls labeled HYUSIGUBRI.
You see here 3 scrolls labeled HYUSIGUBRI.
p - 5 scrolls labeled HYUSIGUBRI (gained 3)
You open the door.
There is an open door here.
A worker ant comes into view.
A hound comes into view.
An ogre comes into view. It is wielding a giant spiked club.
The ogre shouts!
There is an open door here.
A hound comes into view.
Found a stone staircase leading down.
You see here a war axe.
A worker ant comes into view.
Casting: Pain
Confirm with . or Enter, or press ? or * to list all spells.
Aiming: Pain
Press: ? - help, Shift-Dir - straight line, f - worker ant
Aim: a worker ant (chance to defeat MR: 89%)
The worker ant writhes in agony!
Casting: Pain
Confirm with . or Enter, or press ? or * to list all spells.
Aiming: Pain
Press: ? - help, Shift-Dir - straight line, f/p - worker ant
Aim: a worker ant (moderately wounded, chance to defeat MR: 89%)
The worker ant writhes in agony!
Casting: Pain
Confirm with . or Enter, or press ? or * to list all spells.
Aiming: Pain
Press: ? - help, Shift-Dir - straight line, f/p - worker ant
Aim: a worker ant (moderately wounded, chance to defeat MR: 89%)
The worker ant writhes in agony!
Casting: Pain
Confirm with . or Enter, or press ? or * to list all spells.
Aiming: Pain
Press: ? - help, Shift-Dir - straight line, f/p - worker ant
Aim: a worker ant (severely wounded, chance to defeat MR: 89%)
The worker ant writhes in agony!
You kill the worker ant!
Your Fighting skill increases to level 1!
Your Short Blades skill increases to level 1!
Your Long Blades skill increases to level 1!
Your Axes skill increases to level 1!
Your Maces & Flails skill increases to level 1!
Your Polearms skill increases to level 1!
Your Staves skill increases to level 1!
Your Slings skill increases to level 1!
Your Bows skill increases to level 1!
Your Crossbows skill increases to level 1!
Your Throwing skill increases to level 1!
Your Armour skill increases to level 1!
Your Shields skill increases to level 1!
Your Unarmed Combat skill increases to level 1!
Your Invocations skill increases to level 1!
Your Evocations skill increases to level 1!
You have reached level 4!
You feel stronger.
Casting: Pain
Confirm with . or Enter, or press ? or * to list all spells.
Aiming: Pain
Press: ? - help, Shift-Dir - straight line, f - ogre
Aim: an ogre, wielding a giant spiked club (chance to defeat MR: 84%)
The ogre writhes in agony!
Casting: Pain
Confirm with . or Enter, or press ? or * to list all spells.
Aiming: Pain
Press: ? - help, Shift-Dir - straight line, f/p - ogre
Aim: an ogre, wielding a giant spiked club (lightly wounded, chance to defeat MR: 84%)
The ogre writhes in agony!
The ogre hits you with a giant spiked club!
* * * LOW HITPOINT WARNING * * *
It was a potion of cancellation.
You feel magically purged.
The ogre hits you with a giant spiked club!
You die...

.........h.#...#### #.......
...........##...............
...........##..#######......
..........##..# ......
.........##..#
...#####.##..# ..
+...).###+#### .
#####.O..>.... ##@.......
#......... #.........
#......... ..####.### ...
..# ∆ ..# .# ... #


You could see an ogre.

Vanquished Creatures
  A worker ant (D:4)
  An adder (D:2)
  A dart slug (D:2)
  A giant cockroach (D:1)
  6 hobgoblins
  3 kobolds
  2 bats
  2 frilled lizards (D:1)
  5 goblins
  5 rats
27 creatures vanquished.

Notes
Turn   | Place    | Note
-------+----------+-------------------------------------------
     0 | D:1      | tidbits the Gnoll Necromancer began the quest for the Orb.
     0 | D:1      | Reached XP level 1. HP: 13/13 MP: 6/6
    94 | D:1      | Reached XP level 2. HP: 8/19 MP: 0/7
   135 | D:1      | Learned a level 1 spell: Animate Skeleton
   214 | D:2      | HP: 2/20 [goblin/stone (3)]
   275 | D:2      | Learned a level 1 spell: Apportation
   316 | D:2      | Reached skill level 5 in Spellcasting
   316 | D:2      | Reached XP level 3. HP: 2/25 MP: 2/9
   321 | D:2      | Learned a level 3 spell: Regeneration
   472 | D:4      | Noticed an ogre
   497 | D:4      | Reached skill level 1 in Fighting
   497 | D:4      | Reached skill level 1 in Short Blades
   497 | D:4      | Reached skill level 1 in Long Blades
   497 | D:4      | Reached skill level 1 in Axes
   497 | D:4      | Reached skill level 1 in Maces & Flails
   497 | D:4      | Reached skill level 1 in Polearms
   497 | D:4      | Reached skill level 1 in Staves
   497 | D:4      | Reached skill level 1 in Slings
   497 | D:4      | Reached skill level 1 in Bows
   497 | D:4      | Reached skill level 1 in Crossbows
   497 | D:4      | Reached skill level 1 in Throwing
   497 | D:4      | Reached skill level 1 in Armour
   497 | D:4      | Reached skill level 1 in Shields
   497 | D:4      | Reached skill level 1 in Unarmed Combat
   497 | D:4      | Reached skill level 1 in Invocations
   497 | D:4      | Reached skill level 1 in Evocations
   497 | D:4      | Reached XP level 4. HP: 16/32 MP: 6/11
   499 | D:4      | HP: 1/32 [ogre/giant spiked club (12)]
   500 | D:4      | Mangled by an ogre

Skill      XL: |  1  2  3 |
---------------+----------+-----
Spellcasting   | 5 |  5.0
Fighting       | 1 |  1.0
Short Blades   | 1 |  1.0
Long Blades    | 1 |  1.0
Axes           | 1 |  1.0
Maces & Flails | 1 |  1.0
Polearms       | 1 |  1.0
Staves         | 1 |  1.0
Slings         | 1 |  1.0
Bows           | 1 |  1.0
Crossbows      | 1 |  1.0
Throwing       | 1 |  1.0
Armour         | 1 |  1.0
Shields        | 1 |  1.0
Unarmed Combat | 1 |  1.0
Invocations    | 1 |  1.1
Evocations     | 1 |  1.0
Dodging        | |  4.6
Stealth        | |  4.2
Conjurations   | |  0.7
Hexes          | |  0.7
Charms         | |  0.7
Summonings     | |  0.7
Necromancy     | |  7.1
Translocations | |  0.7
Transmutations | |  0.7
Fire Magic     | |  0.7
Ice Magic      | |  0.7
Air Magic      | |  0.7
Earth Magic    | |  0.7
Poison Magic   | |  0.7

Action                   |  1- 3 |  4- 6 || total
-------------------------+-------+-------++-------
Melee: Dagger            |    12 |       ||    12
       Bite              |     5 |       ||     5
 Cast: Pain              |    37 |     3 ||    40
       Regeneration      |     1 |       ||     1
  Use: Potion            |       |     1 ||     1
 Stab: Sleeping          |     1 |       ||     1
Dodge: Dodged            |     6 |       ||     6

Table legend:
 A = Turns spent in this place as a percentage of turns spent in the entire game.
 B = Non-inter-level travel turns spent in this place as a percentage of non-inter-level travel turns spent in the entire game.
 C = Inter-level travel turns spent in this place as a percentage of turns spent in this place.
 D = Turns resting spent in this place as a percentage of non-inter-level travel turns spent in this place.
 E = Turns spent auto-exploring this place as a percentage of non-inter-level travel turns spent in this place.
 F = Non-inter-level travel turns spent in this place divided by the number of levels of this place that you've seen.
                   A       B       C       D       E      F
               +-------+-------+-------+-------+-------+----------------------
         Total | 100.0 | 100.0 |   1.6 |   0.0 |   0.0 | 123.0
       Dungeon | 100.0 | 100.0 |   1.6 |   0.0 |   0.0 | 123.0
               +-------+-------+-------+-------+-------+----------------------

Table legend:
 A = Kills in this place as a percentage of kills in entire the game.
 B = Kills by you in this place as a percentage of kills by you in the entire game.
 C = Kills by friends in this place as a percentage of kills by friends in the entire game.
 D = Other kills in this place as a percentage of other kills in the entire game.
 E = Experience gained in this place as a percentage of experience gained in the entire game.
 F = Experience gained in this place divided by the number of levels of this place that you have seen.
                   A       B       C       D       E      F
               +-------+-------+-------+-------+-------+----------------------
         Total | 100.0 | 100.0 |   N/A |   N/A | 100.0 |  22.5
       Dungeon | 100.0 | 100.0 |   N/A |   N/A | 100.0 |  22.5
               +-------+-------+-------+-------+-------+----------------------

Vault maps used:
D:1:      dpeg_arrival_oval, minmay_octomino_c4
D:2:      lemuel_crystal_altar, eat_drink_and_be_merry_uskayaw, first_ration
D:3:      lemuel_coloured_pillars_altar, bloody_trog
D:4:      old_standard_altar, small_statue_intersection,
          kennysheep_generic_room_12
